 Dungeon Crawl Stone Soup version 0.28.0 (webtiles) character file.

Game seed: 12591089175185838952

0 HallandMoats the Skirmisher (level 1, 19/19 HPs)
             Began as a Ghoul Fighter on Feb 8, 2022.
             Was a High Priest of Ignis.
             Safely got out of the dungeon.
             The game lasted 00:00:13 (46 turns).

HallandMoats the Skirmisher (Ghoul Fighter)           Turns: 46, Time: 00:00:13

Health: 19/19      AC:  6    Str: 19    XL:     1   Next: 10%
Magic:  0/0        EV:  9    Int:  3    God:    Ignis [*****.]
Gold:   30         SH:  4    Dex:  8    Spells: 0/0 levels left

rFire   + . .      SeeInvis .   a - +0 trident
rCold   + . .      Faith    .   c - +0 buckler
rNeg    + + +      Spirit   .   b - +0 scale mail
rPois   ∞          Reflect  .   (no helmet)
rElec   .          Harm     .   (no cloak)
rCorr   .          Rampage  .   (no gloves)
Will    .....                   (no boots)
Stlth   ..........              (no amulet)
HPRegen 0.06/turn               (no ring)
MPRegen 0.07/turn               (no ring)

@: no status effects
A: claws 1, cold resistance 1, negative energy resistance 3, inhibited
regeneration, torment resistance 2
a: Renounce Religion, Fiery Armour, Foxfire Swarm, Rising Flame


You escaped.
You worshipped Ignis.
Ignis was extremely pleased with you.
You visited 1 branch of the dungeon, and saw 1 of its levels.

You collected 30 gold pieces.

Inventory:

Hand Weapons
 a - a +0 trident (weapon)
Armour
 b - a +0 scale mail (worn)
 c - a +0 buckler (worn)
Potions
 d - a potion of might


   Skills:
 * Level 3.3 Fighting
 * Level 1.7 Polearms
 + Level 2.6 Armour
 + Level 0.0 Dodging
 + Level 2.6 Shields
 * Level 0.0 Invocations


You couldn't memorise any spells.
You didn't know any spells.
Your spell library was empty.

Dungeon Overview and Level Annotations

Branches:
Dungeon (1/15)

Altars:
Ignis


Innate Abilities, Weirdness & Mutations

You thrive by killing the living.
You are immune to poison.
You have sharp fingernails.
Your flesh is cold resistant. (rC+)
You are immune to negative energy. (rN+++)
You do not regenerate when monsters are visible.
You are immune to unholy pain and torment.


Message History

Welcome, HallandMoats the Ghoul Fighter.
You feel drawn to the Orb of Zot, downwards into the unfathomable depths...
Press ? for a list of commands and other information.
Found 30 gold pieces and a dagger.
Found a staircase leading out of the dungeon.
You now have 13 gold pieces.
You now have 17 gold pieces (gained 4).
You now have 30 gold pieces (gained 13).
Found a faded altar of an unknown god.
A bat comes into view.
Found 6 poisoned darts.
A bat is nearby!
A bat is nearby!
A bat is nearby!
You miss the bat. The bat closely misses you.
You reach to attack!
You puncture the bat!
You kill the bat!
No target in view!
No target in view!
No target in view!
No target in view!
No target in view!
There is a faded altar of an unknown god here.
You cannot tell which god this altar belongs to.
Convert to them anyway?
Ignis accepts your prayer! Ignis welcomes you!
(D) Dungeon
Where to? (? - help)
What level of the Dungeon? (default 1, ? - help)
There is a staircase leading out of the dungeon here.
Are you sure you want to leave the Dungeon?
This will make you lose the game! [Y]es or [N]o only, please.
Are you sure you want to leave the Dungeon?
This will make you lose the game! [Y]es or [N]o only, please.
Are you sure you want to leave the Dungeon?
This will make you lose the game!
You have escaped!

... ####.####
##.......##
##.........## .#
##......)....## ...
#.............# ..
#.............#
..#≈#.............#
#≈≈≈......@......≈≈≈
#≈#.............#≈#
#.............# .
#.............#
##...........## .#
##.........## ..#
##.......## ....
####.#######....
#...#.........


There were no monsters in sight!

Vanquished Creatures
  A bat (D:1)
1 creature vanquished.

Notes
Turn   | Place    | Note
-------+----------+-------------------------------------------
     0 | D:1      | HallandMoats the Ghoul Fighter began the quest for the Orb.
     0 | D:1      | Reached XP level 1. HP: 19/19 MP: 0/0
    23 | D:1      | Found a faded altar of an unknown god.
    30 | D:1      | Prayed at the altar of an unknown god.
    30 | D:1      | Became a worshipper of Ignis, the Dying Flame
    46 | D:$      | Safely got out of the dungeon.

Illustrated notes

Levels and vault maps discovered:
D:1:      psy_arrival_dodecagon, layout_basic, basic_ecumenical_altar,
          dk_noncrumbling_3, grunt_decor_clamped

Action                   || total
-------------------------++-------
Melee: Trident           ||     2
Dodge: Dodged            ||     1
